 Dungeon Crawl Stone Soup version 0.18.1-50-g88ac8fd (webtiles) character file.

25 grisgris the Vexing (level 2, -2/19 HPs)
             Began as a Vampire Enchanter on Oct 23, 2016.
             Slain by Natasha (7 damage)
             ... on level 2 of the Dungeon.
             The game lasted 00:04:12 (945 turns).

grisgris the Vexing (Vampire Enchanter)              Turns: 945, Time: 00:04:12

Health: -2/19      AC:  4    Str:  7    XL:     2   Next: 82%
Magic:  2/5        EV: 13    Int: 17    God:
Gold:   22         SH:  0    Dex: 14    Spells: 2 memorised, 2 levels left

rFire  . . .     SeeInvis +     a - +2 dagger
rCold  + . .     Gourm    .     b - +1 robe
rNeg   + + .     Faith    .     (no shield)
rPois  +         Spirit   .     (no helmet)
rElec  .         Dismiss  .     (no cloak)
rCorr  .         Reflect  .     e - +0 pair of gloves
SustAt .         Harm     .     (no boots)
MR     .....                    (no amulet)
Stlth  +++.......               (no ring)
                                i - ring of flight

@: regenerating slowly, slowed, very slow, not resistant to hostile
enchantments, fairly stealthy
A: fangs 3, see invisible, unbreathing
a: Evoke Flight


You were on level 2 of the Dungeon.
You were thirsty.

You visited 1 branch of the dungeon, and saw 2 of its levels.

You collected 22 gold pieces.

Inventory:

Hand Weapons
 a - a +2 dagger (weapon)
Armour
 b - a +1 robe (worn)
 e - a +0 pair of gloves (worn)
Jewellery
 i - a ring of flight (left hand)
Potions
 d - a potion of blood
Books
 c - a book of Maledictions

   Spells                             Type                      Level
   a - Corona                         Hexes                        1
   b - Ensorcelled Hibernation        Hexes/Ice                    2
   c - Confuse                        Hexes                        3
   d - Tukima's Dance                 Hexes                        3
   e - Dazzling Spray                 Conjuration/Hexes            3


   Skills:
 * Level 1.5 Short Blades
 * Level 2.8 Dodging
 * Level 4.6 Stealth
 - Level 2.1 Spellcasting
 + Level 4.8 Hexes
 + Level 0.0 Ice Magic


You had 2 spell levels left.
You knew the following spells:

 Your Spells              Type           Power        Failure   Level  Hunger
a - Ensorcelled Hibernat  Hex/Ice        #.....       14%         2    ###....
b - Corona                Hex            ###....      2%          1    #......


Dungeon Overview and Level Annotations

Branches:
Dungeon (2/15)

Altars:
Nemelex Xobeh

Annotations:
D:2 Natasha


Innate Abilities, Weirdness & Mutations

You heal slowly.
You have razor-sharp teeth.
You have supernaturally acute eyesight.
You can survive without breathing.


Message History

You hit Natasha.
Natasha is lightly wounded.
Natasha casts a spell.
Casting: Corona
Confirm with . or Enter, or press ? or * to list all spells.
Aiming: Ensorcelled Hibernation
Press: ? - help, Shift-Dir - straight line, f/p - Natasha
Aim: Natasha (lightly wounded, softly glowing, chance to defeat MR: 40%) Natasha resists with some effort.
Natasha casts a spell at you.
You feel yourself slow down. The crimson imp misses you.
You hit Natasha but do no damage.
Natasha is lightly wounded.
Natasha barely misses you. The crimson imp hits you. Natasha claws you.
You hit Natasha.
Natasha is moderately wounded.
The crimson imp hits you.
* * * LOW HITPOINT WARNING * * *
Natasha claws you!
You die...

*,,,,**,,,,,.........,,,,,,,,,,,*
*,,,,**,,,,,,.......#********,***
**,*,***,,,,,,......# *,* *,*,*
*,,,,,,,.....# *,* *,*,*
*,,,,***#....# *,* *,*,* **,***
#.#+** *,* *<*,* *,* #g#,* *,*
*,*,* *,* #h#,* *,*
****,****+**** #@#,* *,*
,,,,,**,,,,,,**#5#,**********,*
,,,,,,,,,,,,,+,...,,,,>,,,,,,,*
******,,,,,,,*#####***,,,,,,,,*
*,,,,,,,,,***,,,,,,,,,,,,* #
*,,,,,,,,,,,,,,,,,,,,,,,,* #
*,,,,,,,,,,,,,,,,,,,,,,,,* ##
*,****,,,,,,,,,,,,,,,,,,** ยง##
*,* *,,,,,,,,,,,,,,,,,,*


You could see Natasha, a crimson imp and a goblin.

Vanquished Creatures
  A giant gecko (D:1)
  3 giant cockroaches
  5 hobgoblins (D:1)
  A jackal (D:2)
  4 bats
  3 giant newts
  3 kobolds (D:1)
  2 rats (D:1)
22 creatures vanquished.

Notes
Turn   | Place    | Note
--------------------------------------------------------------
     0 | D:1      | grisgris the Vampire Enchanter began the quest for the Orb.
     0 | D:1      | Reached XP level 1. HP: 13/13 MP: 3/3
    16 | D:1      | Found a sparkling altar of Nemelex Xobeh.
   368 | D:1      | Reached XP level 2. HP: 15/19 MP: 1/5
   372 | D:1      | Learned a level 2 spell: Ensorcelled Hibernation
   935 | D:2      | Noticed Natasha
   943 | D:2      | Noticed a crimson imp
   945 | D:2      | Slain by Natasha

Action                   || total
-------------------------++-------
Melee: Dagger            ||    63
       Bite              ||     2
 Cast: Corona            ||    11
       Ensorcelled Hiber ||     9
  Use: Scroll            ||     5
       Potion            ||     1
 Stab: Sleeping          ||    14
Armor: Robe              ||    17
Dodge: Dodged            ||    43
